 Dungeon Crawl Stone Soup version 0.30-a0-715-gdb4ae3ece1 (webtiles) character file.

Game seed: 6014708701632031908

381 Dirtsage the Changer (level 6, -2/45 HPs)
             Began as an Octopode Transmuter on Jan 23, 2023.
             Slain by an ogre
             ... wielding a +0 giant club
              (23 damage)
             ... on level 5 of the Dungeon.
             The game lasted 00:05:53 (3192 turns).

Dirtsage the Changer (Octopode Transmuter)          Turns: 3192, Time: 00:05:54

Health: -2/45      AC:  7    Str:  9    XL:     6   Next: 75%
Magic:  1/9        EV: 10    Int: 18    God:
Gold:   179        SH:  5    Dex: 18    Spells: 2/9 levels left

rFire   x . .      SeeInvis .      - Unarmed
rCold   + + +      Faith    .    (shield currently unavailable)
rNeg    + . .      Spirit   .    (helmet currently unavailable)
rPois   +          Reflect  +    o - amulet of reflection
rElec   .          Harm     .    k - +6 ring of dexterity
rCorr   .          Rampage  .    N - ring of positive energy
Will    .....                    (no ring)
Stlth   ++                       (no ring)
HPRegen 0.27/turn                (no ring)
MPRegen 0.11/turn                (no ring)
                                 (no ring)
                                 (no ring)

@: ice-form, very slightly contaminated
A: freezing attack, boosted hp, almost no armour, amphibious, 8 rings, large,
(camouflage 1), (gelatinous body 1), (nimble swimmer 1), (tentacles)
a: End Transformation


You were on level 5 of the Dungeon.
You were a creature of crystalline ice.
You visited 1 branch of the dungeon, and saw 6 of its levels.

You collected 179 gold pieces.

Inventory:

Missiles
 c - 6 curare-tipped darts
Magical Staves
 u - a staff of cold
Jewellery
 k - a +6 ring of dexterity (left front paw)
 o - an amulet of reflection (around neck)
 N - a ring of positive energy (right front paw)
Scrolls
 d - 3 scrolls of identify {unknown}
 e - 2 scrolls of immolation {unknown}
 f - 2 scrolls of poison {unknown}
 g - 2 scrolls of enchant weapon {unknown}
 h - a scroll of teleportation {unknown}
 j - a scroll of vulnerability {unknown}
 l - a scroll of fear {unknown}
 n - 2 scrolls of magic mapping {unknown}
 p - a scroll of blinking {unknown}
 q - a scroll of acquirement {unknown}
 v - 3 scrolls of amnesia {unknown}
Potions
 a - 4 potions of lignification
 b - 5 potions of curing {unknown}
 i - a potion of flight {unknown}
 m - 2 potions of degeneration {unknown}
 r - a potion of brilliance {unknown}
 s - a potion of haste {unknown}
 t - a potion of mutation {unknown}


   Skills:
 - Level 1.0 Fighting
 - Level 2.0 Dodging
 - Level 3.0 Unarmed Combat
 - Level 2.0 Spellcasting
 + Level 5.1 Transmutations
 + Level 4.5 Ice Magic


You had 2 spell levels left.
You knew the following spells:

 Your Spells              Type           Power      Damage    Failure   Level
a - Beastly Appendage     Tmut           40%        N/A       2%          1
b - Wereblood             Tmut           20%        N/A       3%          2
c - Ice Form              Ice/Tmut       19%        N/A       26%         4

Your spell library contained the following spells:

 Spells                   Type           Power      Damage    Failure   Level
 Shock                    Conj/Air       4%         1d3       19%         1
 Cigotuvi's Dreadful Rot  Necr/Pois/Air  2%         N/A       26%         2
 Poisonous Vapours        Pois/Air       2%         N/A       26%         2
 Spider Form              Tmut/Pois      10%        N/A       19%         3
 Gell's Gravitas          Tloc           1%         N/A       47%         3
 Mephitic Cloud           Conj/Pois/Air  1%         N/A       47%         3
 Swiftness                Air            1%         N/A       47%         3
 Teleport Other           Tloc           1%         N/A       47%         3
 Airstrike                Air            0%         2d(1-17)  87%         4
 Dispersal                Tloc           0%         N/A       100%        6


Dungeon Overview and Level Annotations

Branches:
Dungeon (6/15)
 Temple: D:4-7

Altars:
Kikubaaqudgha
Okawaru


Innate Abilities, Weirdness & Mutations

You are a creature of crystalline ice.
You have a powerful freezing melee attack.
Your maximum health is increased.
Your armour is entirely melded.
You are incapable of wielding weapons or throwing items.
You cannot wear most types of armour.
You are amphibious.
You can wear up to eight rings at the same time.
((Your skin changes colour to match your surroundings (Stealth+).))
((Your rubbery body absorbs attacks. (AC +1, EV +1)))
((You are camouflaged when in or above water. (Stealth+)))
((You have tentacles for arms and can constrict up to eight enemies at once.))


Message History

You punch the hound! You freeze the hound.
You kill the hound!
No target in view!
Your transformation is almost over.
You regained 2 mp, and now have 7/9 mp.
HP restored.
You warm up again.
Magic restored.
v - 3 scrolls labelled WOLLUE SIUMIRR You now have 38/38 hp.
You now have 179 gold pieces (gained 16).
An ogre comes into view. It is wielding a +0 giant club.
An ogre is nearby!
The ogre shouts!
You see here 6 gold pieces.
Casting: Ice Form (extremely dangerous; 26% risk of failure)
Confirm with . or Enter, or press ? or * to list all spells.
The spell is extremely dangerous to miscast (26% risk of failure)!
Continue anyway?
You miscast Ice Form.
You are very lightly contaminated with residual magic.
Multicoloured lights dance before your eyes.
You now have 5/9 mp.
Casting: Ice Form (extremely dangerous; 26% risk of failure)
Confirm with . or Enter, or press ? or * to list all spells.
The spell is extremely dangerous to miscast (26% risk of failure)!
Continue anyway?
You turn into a creature of crystalline ice.
The ogre barely misses you.
Health restored: 45 You now have 1/9 mp.
You hit the ogre but do no damage.
The ogre hits you with a +0 giant club!!
Ouch! That really hurt!
You take 25 damage, and have 20/45 hp.
MASSIVE DAMAGE!!
You hit the ogre. You freeze the ogre.
The ogre is moderately wounded.
You punch the ogre! You freeze the ogre.
The ogre is severely wounded.
The ogre hits you with a +0 giant club!!
Ouch! That really hurt!
You die...

#.. #.# ..
#.#.#
#..##.#.##
##.. .....
......#.##
#..#....
#.O.#=# #####
#.Y#.####...#
##.$...##...#
#.#+#......#
#.....##.###
#.....'...#
#.....##..##
#.....##...#
#.....###.>#
#.....# ##.#


You could see an ogre.

Vanquished Creatures
  A scorpion (D:4)
  A howler monkey (D:4)
  A hound (D:5)
  2 orc priests
  An iguana (D:3)
  An orc wizard (D:3)
  A gnoll (D:1)
  5 adders
  2 dart slugs
  4 orcs
  7 ball pythons
  4 bats
  4 bat skeletons (D:3)
  2 bat zombies (D:3)
  4 endoplasms
  A giant cockroach (D:3)
  5 goblins
  7 hobgoblins
  13 jackals
  2 quokkas
  4 frilled lizards
  7 kobolds
  3 rats
82 creatures vanquished.

Notes
Turn   | Place    | Note
-------+----------+-------------------------------------------
     0 | D:1      | Dirtsage the Octopode Transmuter began the quest for the
                  | Orb.
     0 | D:1      | Reached XP level 1. HP: 13/13 MP: 3/3
    18 | D:1      | Reached skill level 1 in Ice Magic
    18 | D:1      | Reached XP level 2. HP: 15/18 MP: 1/5
    62 | D:1      | Found a faded altar of an unknown god.
   613 | D:1      | Reached XP level 3. HP: 23/23 MP: 4/6
   755 | D:2      | Reached skill level 3 in Transmutations
  1061 | D:2      | Reached XP level 4. HP: 28/28 MP: 5/7
  1064 | D:2      | Learned a level 2 spell: Wereblood
  1069 | D:2      | Learned a level 4 spell: Ice Form
  1666 | D:3      | You fall into a shaft and drop 3 floors!
  1666 | D:6      | Found an iron altar of Okawaru.
  1701 | D:5      | Entered Level 5 of the Dungeon
  1705 | D:5      | Noticed a scorpion
  1738 | D:4      | Reached XP level 5. HP: 16/33 MP: 1/8
  1964 | D:4      | Reached skill level 4 in Transmutations
  2313 | D:3      | Reached XP level 6. HP: 38/38 MP: 4/9
  2548 | D:3      | Found an ancient bone altar of Kikubaaqudgha.
  2931 | D:4      | Reached skill level 5 in Transmutations
  3192 | D:5      | Slain by an ogre

Illustrated notes

Levels and vault maps discovered:
D:1:      amcnicky_arrival_gap_in_the_tavern_cellar, layout_basic,
          basic_ecumenical_altar
D:2:      layout_loops_cross
D:3:      layout_rooms, kennysheep_vampire_church, grunt_ministairs_11,
          minmay_misc_feat_cross, minmay_quadrilaterals
D:4:      layout_basic
D:5:      layout_basic, minmay_a_box_with_orc_wizards_in_it
D:6:      layout_basic, mainiacjoe_overflow_concentric_impassable, zin_statuary,
          minmay_temple_entry_wispy, nicolae_concentric_dashed_squares_wild,
          nicolae_eternal_life, kennysheep_cross_room

Skill      XL: |  1  2  3  4  5  6 |
---------------+-------------------+-----
Ice Magic      | 1 2 3 4 |  4.5
Transmutations | 3 4 5 |  5.1
Fighting       | |  1.0
Dodging        | |  2.0
Unarmed Combat | |  3.0
Spellcasting   | |  2.0

Action                     |  1- 3 |  4- 6 || total
---------------------------+-------+-------++-------
  Melee: Unarmed           |    52 |   126 ||   178
         Tentacles         |    14 |    23 ||    37
         Constrict         |    22 |    23 ||    45
         Kick              |    13 |    19 ||    32
         Punch             |       |     4 ||     4
   Cast: Beastly Appendage |    13 |    10 ||    23
         Wereblood         |       |     5 ||     5
         Ice Form          |       |     7 ||     7
   Stab: Sleeping          |     3 |     5 ||     8
 Armour: Skin              |     3 |    21 ||    24
  Dodge: Dodged            |    31 |    79 ||   110
  Block: Other             |       |    16 ||    16

Table legend: (Time is in decaauts)
 A = Elapsed time spent in this place.
 B = Non-inter-level travel time spent in this place.
 C = Inter-level travel time spent in this place.
 D = Time resting spent in this place.
 E = Time spent auto-exploring this place.
 F = Levels seen in this place.
 G = Mean time per level.
                   A        B        C        D        E       F      G
               +--------+--------+--------+--------+--------+-----+--------+
         Total |   3180 |   3070 |    110 |      0 |   2450 |   6 |  530.0 |
       Dungeon |   3180 |   3070 |    110 |      0 |   2450 |   6 |  530.0 |
               +--------+--------+--------+--------+--------+-----+--------+

Top non-repeatable levels by time:
     D:4: 859 daAuts
     D:3: 836 daAuts
     D:1: 696 daAuts
     D:2: 627 daAuts
     D:5: 126 daAuts
     D:6: 34 daAuts
